 Dungeon Crawl Stone Soup version 0.31-a0-948-gf5be29c462 (webtiles) character file.

Game seed: 589167658327367722

491 philipeq the Ducker (level 7, -2/46 HPs)
             Began as a Djinni Fire Elementalist on July 14, 2023.
             Slain by a black bear (3 damage)
             ... on level 5 of the Dungeon on Oct 21, 2023.
             The game lasted 00:12:14 (4993 turns).

philipeq the Ducker (Djinni Fire Elementalist)      Turns: 4993, Time: 00:12:15

Health: -2/46      AC:  6    Str:  8    XL:     7   Next: 37%
Gold:   138        EV: 14    Int: 23    God:
                   SH:  0    Dex: 15

rFire   + + .        h - +0 scythe (venom)
rCold   x . .        (shield currently unavailable)
rNeg    . . .        a - +0 robe
rPois   ∞            b - +0 helmet
rElec   .            (no cloak)
rCorr   +            m - +0 pair of gloves
SInv    .            (boots unavailable)
Will    +....        (no amulet)
Stlth   ++           k - ring of the City {rCorr MP+9 Str+4 Dex+3}
HPRegen 0.27/turn    c - ring of willpower
MPRegen 0.00/turn

%: infuse magic (-3 HP)
@: flying
A: sickness immunity, fire resistance 2, cold vulnerability 1, float, innate
caster, HP casting, extra vitality 1, iridescent scales 1, clever 1, weak 1
a: no special abilities


You were on level 5 of the Dungeon.
You visited 1 branch of the dungeon, and saw 5 of its levels.

You collected 138 gold pieces.

Inventory:

Hand Weapons
 h - a +0 scythe of venom (weapon)
Armour
 a - a +0 robe (worn)
 b - a +0 helmet (worn)
 m - a +0 pair of gloves (worn)
Jewellery
 c - a ring of willpower (right hand)
 k - the ring of the City (left hand) {rCorr MP+9 Str+4 Dex+3}
   (You took it off an orc on level 3 of the Dungeon)

   [ring of magical power]

   Str+4:     It affects your strength (+4).
   Dex+3:     It affects your dexterity (+3).
   MP+9:      It affects your magic capacity (+9).
   rCorr:     It protects you from acid and corrosion.
Talismans
 j - a blade talisman
Wands
 o - a wand of quicksilver (13)
Scrolls
 f - 2 scrolls of enchant armour
 i - 3 scrolls of identify
 p - a scroll of silence {unknown}
 q - a scroll of teleportation
Potions
 d - 2 potions of mutation
 e - a potion of curing {unknown}
 g - a potion of lignification
 l - a potion of degeneration {unknown}
 n - a potion of cancellation {unknown}


   Skills:
 + Level 0.5 Fighting
 + Level 0.1 Polearms
 * Level 5.7 Dodging
 - Level 2.0 Stealth
 + Level 0.4 Unarmed Combat
 * Level 4.6 Spellcasting
 * Level 4.6 Conjurations
 * Level 4.6 Hexes
 * Level 4.6 Summonings
 * Level 4.6 Necromancy
 * Level 4.6 Translocations
 * Level 4.6 Transmutations
 * Level 4.6 Fire Magic
 * Level 4.6 Ice Magic
 * Level 4.6 Air Magic
 * Level 4.6 Earth Magic
 * Level 4.6 Poison Magic


You knew the following spells:

 Your Spells              Type           Power      Damage    Failure   Level
a - Foxfire               Conj/Fire      100%       2x1d9     1%          1
b - Scorch                Fire           52%        2d7       2%          2
c - Volatile Blastmotes   Fire/Tloc      52%        2d14      4%          3
d - Inner Flame           Hex/Fire       26%        N/A       4%          3
e - Flame Wave            Conj/Fire      26%        2d8       14%         4
f - Freeze                Ice            100%       1d10      1%          1
g - Lesser Beckoning      Tloc           52%        N/A       2%          2
h - Swiftness             Air            26%        N/A       4%          3
Your spell library was empty.

Dungeon Overview and Level Annotations

Branches:
Dungeon (5/15)
 Temple: D:4-7

Altars:
Qazlal


Innate Abilities, Weirdness & Mutations

You are immune to sickness and miasma.
You are immune to poison.
Your flesh is very heat resistant. (rF++)
You are vulnerable to cold. (rC-)
You float through the air rather than walking.
You learn spells naturally, not from books.
Your magical power is your life essence.
You have superior vitality. (+4 MHP)
You are partially covered in iridescent scales. (AC +2)
Your mind is acute. (Int +4, Str/Dex -1)
You are weak. (Str -2)


Message History

The black bear goes berserk!
The black bear completely misses you.
The black bear claws you but does no damage.
The black bear claws you.
You hit the black bear.
The black bear is almost dead.
The black bear barely misses you.
The black bear claws you but does no damage.
The black bear misses you. The black bear closely misses you. x2
The black bear barely misses you.
You closely miss the black bear.
The black bear is almost dead.
The black bear bites you. The black bear claws you. The black bear misses you.
The black bear bites you! The black bear misses you. The black bear claws you.
The black bear attacks as it pursues you!
The black bear completely misses you. The black bear claws you.
* * * LOW HITPOINT WARNING * * *
The black bear claws you but does no damage.
The black bear closely misses you.
The black bear claws you but does no damage.
The black bear closely misses you.
Casting: Volatile Blastmotes (dangerous; 4% risk of failure)
Confirm with . or Enter, or press ? or * to list all spells.
A cloud of volatile blastmotes flares up around you!
* * * LOW HITPOINT WARNING * * *
The black bear misses you. The black bear claws you.
* * * LOW HITPOINT WARNING * * *
The black bear closely misses you.
The black bear attacks as it pursues you!
The black bear barely misses you.
The cloud of blastmotes explodes!
The concussive blast engulfs the black bear.
The black bear is almost dead.
The concussive blast engulfs you. You resist.
* * * LOW HITPOINT WARNING * * *
You are knocked back by the blast.
Casting: Volatile Blastmotes (dangerous; 4% risk of failure)
Confirm with . or Enter, or press ? or * to list all spells.
A cloud of volatile blastmotes flares up around you!
* * * LOW HITPOINT WARNING * * *
The black bear closely misses you. The black bear claws you.
You die...

#...###'####...#
#..#8...#..8#..#
#..#...#....#..#
#..#....#...#..#
#..+.#.#[#.##..#
#..##.#(#.#.+..#
#..#...#....#..#
###..#....#...#h.#
#....#8..#...8#@.#
##.##.†####'###...#
#..##............##
..####.......#####
..# ######### ..#
..# #.# #.#


You could see a black bear (berserk).

Vanquished Creatures
  Sigmund (D:2)
  A hound (D:5)
  2 orc priests (D:3)
  Jessica (D:2)
  Terence (D:2)
  2 iguanas
  An orc wizard (D:3)
  4 adders
  2 worms
  A dart slug (D:1)
  7 orcs (D:3)
  5 ball pythons
  10 endoplasms
  A giant cockroach (D:3)
  6 goblins
  8 hobgoblins
  3 jackals (D:3)
  3 quokkas
  5 bats
  5 frilled lizards
  10 kobolds
  3 rats
82 creatures vanquished.

Vanquished Creatures (others)
  104 foxfires
104 creatures vanquished.

Grand Total: 186 creatures vanquished

Notes
Turn   | Place    | Note
-------+----------+-------------------------------------------
     0 | D:1      | philipeq the Djinni Fire Elementalist began the quest for
                  | the Orb.
     0 | D:1      | philipeq set off with the following spells memorised:
                  | Foxfire, Scorch, Volatile Blastmotes, Inner Flame, Flame
                  | Wave.
     0 | D:1      | Reached XP level 1. HP: 15/15 MP: 0/0
   206 | D:1      | Reached XP level 2. HP: 10/21 MP: 0/0
   708 | D:1      | Reached skill level 3 in Dodging
   795 | D:1      | Reached XP level 3. HP: 23/25 MP: 0/0
   795 | D:1      | Learned a level 1 spell: Freeze
  1242 | D:2      | Found a stormy altar of Qazlal.
  1289 | D:2      | Reached XP level 4. HP: 27/31 MP: 0/0
  1355 | D:2      | Noticed Terence
  1358 | D:2      | Killed Terence
  1456 | D:2      | Noticed Jessica
  1461 | D:2      | Killed Jessica
  1462 | D:2      | Reached XP level 5. HP: 33/36 MP: 0/0
  1462 | D:2      | Learned a level 2 spell: Lesser Beckoning
  1596 | D:2      | Noticed Sigmund
  1600 | D:2      | Killed Sigmund
  1601 | D:2      | Reached skill level 4 in Dodging
  1601 | D:2      | Reached XP level 6. HP: 27/41 MP: 0/0
  2176 | D:3      | Reached skill level 5 in Dodging
  2204 | D:3      | Gained mutation: You are weak. (Str -2) [potion of
                  | mutation]
  2204 | D:3      | Gained mutation: You are partially covered in iridescent
                  | scales. (AC +2) [potion of mutation]
  2204 | D:3      | Gained mutation: Your mind is acute. (Int +4, Str/Dex -1)
                  | [potion of mutation]
  2621 | D:3      | Upgraded the game from 0.31-a0-267-g3fc6992b3b to
                  | 0.31-a0-636-ge1c0e020e0
  2849 | D:3      | Identified the ring of the City {rCorr MP+9 Str+4 Dex+3}
  2878 | D:3      | Reached XP level 7. HP: 14/46 MP: 0/0
  2878 | D:3      | Learned a level 3 spell: Swiftness
  3429 | D:3      | Found a faded altar of an unknown god.
  3430 | D:3      | Upgraded the game from 0.31-a0-636-ge1c0e020e0 to
                  | 0.31-a0-744-gbc345e7fcb
  3430 | D:3      | Upgraded the game from 0.31-a0-744-gbc345e7fcb to
                  | 0.31-a0-801-gc67433417a
  3430 | D:3      | Upgraded the game from 0.31-a0-801-gc67433417a to
                  | 0.31-a0-948-gf5be29c462
  4891 | D:5      | Entered Level 5 of the Dungeon
  4993 | D:5      | Slain by a black bear

Illustrated notes

Levels and vault maps discovered:
D:1:      wander_arrival_chamber, layout_basic, serial_rivers,
          chequers_serial_rivers_micro_d, chequers_serial_rivers_micro_a,
          chequers_serial_rivers_micro_c, chequers_serial_rivers_room_b,
          chequers_serial_rivers_micro_e
D:2:      layout_loops_cross, basic_altar, nicolae_titane, uniq_terence,
          uniq_sigmund, uniq_jessica
D:3:      layout_loops_ring, dreamdust_ecumenical_altar_hidden_monk_grotto,
          serial_rivers, chequers_serial_rivers_large_a,
          chequers_serial_rivers_room_a, chequers_serial_rivers_room_b,
          chequers_serial_rivers_room_b, chequers_serial_rivers_room_a,
          kennysheep_generic_room_10
D:4:      layout_loops_corners, hangedman_abyss_or_decor_passed, st_stairs_13
D:5:      layout_basic, nicolae_ru_the_path_less_chosen,
          chequers_temple_overflow_minitemple, minmay_shop_grid_forest,
          amcnicky_mini_corridor_feature, minivault_1, minmay_checkerbox,
          uniq_prince_ribbit1

Skill      XL: |  1  2  3  4  5  6 |
---------------+-------------------+-----
Spellcasting   | 4 |  4.6
Conjurations   | 4 |  4.6
Hexes          | 4 |  4.6
Summonings     | 4 |  4.6
Necromancy     | 4 |  4.6
Translocations | 4 |  4.6
Transmutations | 4 |  4.6
Fire Magic     | 4 |  4.6
Ice Magic      | 4 |  4.6
Air Magic      | 4 |  4.6
Earth Magic    | 4 |  4.6
Poison Magic   | 4 |  4.6
Stealth        | 2 |  2.0
Dodging        | 3 4 5 |  5.7
Fighting       | |  0.5
Polearms       | |  0.1
Unarmed Combat | |  0.4

Action                     |  1- 3 |  4- 6 |  7- 9 || total
---------------------------+-------+-------+-------++-------
  Melee: Unarmed           |    10 |     8 |     9 ||    27
         Halberd           |       |       |     9 ||     9
   Cast: Foxfire           |    40 |    24 |    20 ||    84
         Scorch            |    17 |    20 |    10 ||    47
         Volatile Blastmot |       |     6 |     5 ||    11
         Inner Flame       |       |     4 |     1 ||     5
         Flame Wave        |       |     2 |     5 ||     7
         Swiftness         |       |       |     1 ||     1
    Use: Potion            |       |     3 |       ||     3
         Scroll            |       |       |     3 ||     3
   Stab: Invisible         |       |     1 |       ||     1
 Armour: Robe              |     5 |     8 |    26 ||    39
         Skin              |       |     7 |       ||     7
  Dodge: Dodged            |    35 |    10 |    47 ||    92

Table legend: (Time is in decaauts)
 A = Elapsed time spent in this place.
 B = Non-inter-level travel time spent in this place.
 C = Inter-level travel time spent in this place.
 D = Time resting spent in this place.
 E = Time spent auto-exploring this place.
 F = Levels seen in this place.
 G = Mean time per level.
                   A        B        C        D        E       F      G
               +--------+--------+--------+--------+--------+-----+--------+
         Total |   5000 |   4776 |    224 |    684 |   3379 |   5 | 1000.0 |
       Dungeon |   5000 |   4776 |    224 |    684 |   3379 |   5 | 1000.0 |
               +--------+--------+--------+--------+--------+-----+--------+

Top non-repeatable levels by time:
     D:2: 1402 daAuts
     D:3: 1263 daAuts
     D:4: 1155 daAuts
     D:1: 1075 daAuts
     D:5: 104 daAuts
